 Dungeon Crawl Stone Soup version 0.30-a0-509-gd016549fea (webtiles) character file.

Game seed: 8421385706974822462

197833 experimilk the Cloud Mage (level 17, -12/123 HPs)
             Began as a Black Draconian Conjurer on Dec 22, 2022.
             Was a High Priest of Hepliaklqana.
             Mangled by a seven-headed hydra (16 damage)
             ... called by a spriggan druid
             ... on level 1 of the Swamp.
             The game lasted 02:46:18 (47414 turns).

experimilk the Cloud Mage (DrCj)                   Turns: 47414, Time: 02:46:19

Health: -12/123    AC: 15    Str: 13    XL:     17   Next: 79%
Magic:  21/42      EV: 11    Int: 30    God:    Hepliaklqana [*****.]
Gold:   2519       SH:  0    Dex: 10    Spells: 6/40 levels left

rFire   + + .      SeeInvis .    Y - staff of poison
rCold   + . .      Faith    .    X - +3 buckler
rNeg    . . .      Spirit   .    (body armour unavailable)
rPois   +          Reflect  .    T - +2 hat {Int+3}
rElec   +          Harm     .    G - scarf {rC+ rF+}
rCorr   .          Rampage  .    L - +1 pair of gloves "Huggur" {Str+4 Slay+3}
Will    +....                    w - +1 pair of boots
Stlth   +.........               c - amulet of magic regeneration
HPRegen 0.40/turn                u - ring of magical power
MPRegen 0.68/turn                K - ring of protection from fire

@: confused, lethally poisoned (-12 -> -13), ambrosia-drunk, flying
A: reduced essence, breathe lightning, AC +9, unfitting armour, big wings,
electricity resistance, cold-blooded
}: 1/15 runes: serpentine
a: Breathe Lightning, Renounce Religion, Recall Ancestor, Ancestor Identity,
Transference, Idealise


You were on level 1 of the Swamp.
You worshipped Hepliaklqana.
Hepliaklqana was extremely pleased with you.
You visited 5 branches of the dungeon, and saw 27 of its levels.
You also visited: Gauntlet.

You collected 3032 gold pieces.
You spent 513 gold pieces at shops.

Inventory:

Hand Weapons
 i - a +4 trident of flaming
 z - a +2 trident of venom
Armour
 w - a +1 pair of boots (worn)
 G - a scarf of resistance (worn)
 I - a +2 tower shield of fire resistance
 L - the +1 pair of gloves "Huggur" (worn) {Str+4 Slay+3}
   (You found it in a Gauntlet)

   Str:       It affects your strength (+4).
   Slay:      It affects your accuracy & damage with ranged weapons and melee
   (+3).
 T - a +2 hat of intelligence (worn)
 X - a +3 buckler (worn)
Magical Staves
 Y - a staff of poison (weapon)
Jewellery
 c - an amulet of magic regeneration (around neck)
 h - a +4 ring of evasion
 n - a ring of see invisible
 t - a ring of positive energy
 u - a ring of magical power (left hand)
 A - a ring of protection from cold
 K - a ring of protection from fire (right hand)
Wands
 k - a wand of charming (44)
 H - a wand of flame (47)
 M - a wand of polymorph (13)
 N - a wand of mindburst (30)
 O - a wand of digging (12)
 W - a wand of roots (14)
 Z - a wand of acid (8)
Scrolls
 e - 6 scrolls of enchant weapon
 f - 11 scrolls of identify
 l - 10 scrolls of fog
 v - a scroll of amnesia
 x - 5 scrolls of immolation
 y - 3 scrolls of poison
 C - 5 scrolls of magic mapping
 D - 2 scrolls of blinking
 F - a scroll of torment
 P - a scroll of vulnerability
 R - a scroll of fear
 V - 9 scrolls of teleportation
Potions
 b - 12 potions of curing
 d - 6 potions of mutation
 g - 5 potions of might
 j - 4 potions of invisibility
 m - a potion of berserk rage
 p - 2 potions of resistance
 q - a potion of attraction
 r - 3 potions of heal wounds
 s - 5 potions of flight
 E - 2 potions of haste
 J - 2 potions of lignification
 Q - 2 potions of brilliance
 S - 6 potions of magic
Miscellaneous
 a - a phial of floods
 U - a condenser vane (inert)


   Skills:
 - Level 9.0 Fighting
 - Level 1.7 Dodging
 - Level 1.7 Stealth
 + Level 7.6 Shields
 - Level 12.0 Spellcasting
 - Level 18.0 Conjurations
 - Level 12.0 Translocations
 - Level 21.0 Air Magic
 - Level 4.2 Invocations
 - Level 6.0 Evocations


You had 6 spell levels left.
You knew the following spells:

 Your Spells              Type           Power      Damage    Failure   Level
a - Summon Lightning Spi  Summ/Air       69%        N/A       1%          4
b - Orb of Destruction    Conj           45%        9d12      1%          7
c - Magic Dart            Conj           100%       1d8       0%          1
q - Dispersal             Tloc           37%        N/A       3%          6
r - Swiftness             Air            97%        N/A       0%          3
v - Airstrike             Air            48%        2d(7-23)  0%          4
x - Iskenderun's Mystic   Conj/Tloc      83%        2d16      1%          4
z - Lightning Bolt        Conj/Air       47%        1d67      1%          5

Your spell library contained the following spells:

 Spells                   Type           Power      Damage    Failure   Level
 Shock                    Conj/Air       100%       1d9       0%          1
 Searing Ray              Conj           100%       2d8       0%          2
 Kiss of Death            Conj/Necr      100%       2d13      1%          1
 Poisonous Vapours        Pois/Air       100%       N/A       1%          2
 Dazzling Flash           Conj/Hex       100%       N/A       1%          3
 Gell's Gravitas          Tloc           74%        N/A       1%          3
 Kindle Blastsparks       Fire/Tloc/Air  100%       2d18      1%          3
 Mephitic Cloud           Conj/Pois/Air  97%        N/A       1%          3
 Portal Projectile        Hex/Tloc       100%       N/A       1%          3
 Teleport Other           Tloc           74%        N/A       1%          3
 Flame Wave               Conj/Fire      64%        2d15      1%          4
 Fulminant Prism          Conj/Hex       32%        3d16      1%          4
 Passage of Golubria      Tloc           74%        N/A       1%          4
 Sticky Flame             Conj/Fire      64%        2d8       1%          4
 Beastly Appendage        Tmut           36%        N/A       3%          1
 Sandblast                Erth           36%        2d10      3%          1
 Slow                     Hex            72%        N/A       3%          1
 Sting                    Tmut/Pois      100%       1d8       3%          1
 Summon Small Mammal      Summ           72%        N/A       3%          1
 Call Imp                 Summ           18%        N/A       5%          2
 Ensorcelled Hibernation  Hex/Ice        36%        N/A       5%          2
 Wereblood                Tmut           18%        N/A       5%          2
 Call Canine Familiar     Summ           18%        N/A       11%         3
 Confusing Touch          Hex            18%        N/A       11%         3
 Inner Flame              Hex/Fire       18%        N/A       11%         3
 Spider Form              Tmut/Pois      27%        N/A       11%         3
 Summon Guardian Golem    Hex/Summ       18%        N/A       11%         3
 Tukima's Dance           Hex            18%        N/A       11%         3
 Vampiric Draining        Necr           18%        2d7       11%         3
 Anguish                  Hex/Necr       9%         N/A       34%         4
 Cause Fear               Hex            9%         N/A       34%         4
 Dispel Undead            Necr           18%        3d11      34%         4
 Olgreb's Toxic Radiance  Pois           27%        N/A       34%         4
 Petrify                  Tmut/Erth      18%        N/A       34%         4
 Blade Hands              Tmut           9%         N/A       67%         5
 Lee's Rapid Deconstruct  Erth           9%         3d7*      67%         5
 Metabolic Englaciation   Hex/Ice        9%         N/A       67%         5
 Yara's Violent Unravell  Hex/Tmut       9%         3d6       67%         5
 Statue Form              Tmut/Erth      12%        N/A       99%         6
 Storm Form               Tmut/Air       34%        N/A       36%         7
 Spellforged Servitor     Conj/Summ      32%        N/A       58%         7
 Chain Lightning          Conj/Air       47%        3d62      75%         9
 Dragon Form              Tmut           9%         N/A       100%        7
 Enfeeble                 Hex            9%         N/A       100%        7
 Monstrous Menagerie      Summ           9%         N/A       100%        7
 Dragon's Call            Summ           9%         N/A       100%        9
 Shatter                  Erth           9%         3d11*     100%        9


Dungeon Overview and Level Annotations

Branches:
Dungeon (15/15)            Temple (0/1) D:4            Lair (5/5) D:9
  Swamp (1/4) Lair:3        Snake (4/4) Lair:3        Slime (0/5) Lair:5
    Orc (2/2) D:9             Elf (0/3) Orc:2        Vaults (0/5) D:13
 Depths (0/4) D:15        Gauntlet (visited)

Altars:
Ashenzari
Elyvilon
Fedhas
Gozag
Hepliaklqana
Nemelex Xobeh
Ru
Trog
Vehumet
Zin
The Shining One

Shops:
D:7 (   D:11 *   D:12 [   D:14 (   Orc:2 [:(*


Innate Abilities, Weirdness & Mutations

Your life essence is reduced to manifest your ancestor. (-10% HP)
You can breathe wild blasts of lightning.
Your glossy black scales are hard. (AC +9)
You cannot fit into any form of body armour.
Your large and strong wings let you fly.
You are resistant to electric shocks. (rElec)
You are cold-blooded and may be slowed by cold attacks.


Message History

Unknown command.
Select a target.
Press: ? - help, Dir - move target, f - hornet
Aim: a hornet (moderately wounded, strong, ally target)
The floor.
The hornet swaps with Izel!
Your lightning spire is drained by nostalgia.
You feel sick.
The swamp worm fires a harpoon shot at you.
The harpoon shot hits you!
You are yanked forward by the harpoon shot.
Unknown command.
You are confused.
You feel invigorated.
You feel sick. The swamp worm bites you.
* * * LOW HITPOINT WARNING * * *
The hornet stings your lightning spire!!
Your lightning spire is destroyed!
Your lightning spire disappears in a puff of smoke!
The swamp worm bites you!
* * * LOW HITPOINT WARNING * * *
You feel sick.
You miss the swamp worm.
You feel sick.
The hornet stings Izel.
Izel hits the seven-headed hydra with a +0 broad axe of flaming!
Izel burns the seven-headed hydra.
Izel hits the hornet with a +0 broad axe of flaming.
Izel burns the hornet.
The swamp worm bites you!
* * * LOW HITPOINT WARNING * * *
You feel much better.
You feel sick.
The hornet barely misses Izel.
The swamp worm bites you but does no damage.
The seven-headed hydra bites you!
* * * LOW HITPOINT WARNING * * *
The seven-headed hydra bites you but does no damage.
The seven-headed hydra bites you.
* * * LOW HITPOINT WARNING * * *
The seven-headed hydra bites you!
* * * LOW HITPOINT WARNING * * *
The seven-headed hydra bites you.
* * * LOW HITPOINT WARNING * * *
The seven-headed hydra bites you!
You die...

♣♣♣ ♣♣
♣♣♣♣♣♣♣♣♣~♣♣♣~♣♣♣♣♣~.
......~.♣~......♣~.~~
..~~~.....~§....~~~
~.~....~~~...~~~.
♣♣♣~....~~~...~~~.
♣~.w@DRy~§~.......
~~~....~~†~....~.~♣~.
........~~~.§†<..~~~.
..~~~...~~~.~~)§.♣♣.~
~~~~~~..~~~~~~~..|.~~
~~~....♣~~.~~.~...)~~.
....♣?.§♣..♣~♣♣♣..§~..
.....~~~~~♣♣♣♣ ..~~~.
..♣♣♣ ..~~.~


You could see the friendly Izel the knight, a seven-headed hydra (strong, ally
target), a swamp worm and a hornet (strong).

Vanquished Creatures
  Gastronok (Lair:3)
  The ghost of Zonian the Thaumaturge, an adept DjIE of Ashenzari (Orc:2)
  3 nagarajas
  An orc warlord (Orc:2)
  A minotaur (Gauntlet)
  A fire dragon (D:15)
  3 salamander tyrants (Snake:4)
  3 vault guards (D:13)
  2 catoblepae
  2 hydras
  4 anacondas
  A boulder beetle (D:12)
  2 centaur warriors (D:15)
  2 alligators (Swamp:1)
  4 two-headed ogres
  4 death yaks (Gauntlet)
  5 tengu warriors
  11 naga warriors
  4 shock serpents
  Urug (Lair:3)
  A soul eater (Gauntlet)
  An orc high priest (Orc:2)
  7 naga sharpshooters
  Nergalle (Lair:2)
  2 skeletal warriors (D:11)
  5 salamander mystics
  Amaemon (D:9)
  6 naga ritualists
  A spriggan druid (Swamp:1)
  A bog body (Swamp:1)
  A wizard (D:13)
  A necromancer (D:13)
  An orc knight (Orc:2)
  Pikel (D:8)
  7 mana vipers
  A deep elf pyromancer (D:12)
  3 ugly things (D:14)
  4 orc sorcerers
  2 moths of wrath (Orc:2)
  4 oklob plants
  A manticore (D:13)
  12 salamanders
  31 black mambas
  3 torpor snails
  6 guardian serpents
  14 naga magi
  3 elephants
  An orange demon (D:9)
  4 kobold demonologists
  2 rime drakes
  9 cane toads
  8 komodo dragons
  A freezing wraith (D:15)
  5 trolls
  6 slime creatures
  A hornet (D:8)
  A tyrant leech (Swamp:1)
  13 blink frogs
  A jumping spider (shapeshifter) (D:14)
  A spriggan (Lair:2)
  2 shadows
  A wraith (D:11)
  A vampire (D:12)
  2 fire bats (Gauntlet)
  21 yaks
  A golden eye (shapeshifter) (D:14)
  8 humans (D:13)
  4 wyverns
  A golden eye (Gauntlet)
  10 vampire mosquitoes
  34 nagas
  6 wargs (Orc:2)
  2 acid dragons
  9 water moccasins
  A hell hound (Gauntlet)
  3 ice beasts (D:10)
  5 black bears
  7 ogres
  11 orc warriors
  14 wolves
  11 centaurs
  A phantom (D:5)
  A lemure (D:8)
  11 kobold brigands
  A gnoll sergeant (D:9)
  10 bullfrogs
  4 scorpions
  A necrophage (D:5)
  11 wights
  4 killer bees
  A howler monkey (D:9)
  3 electric eels
  4 hounds
  12 orc priests
  2 jellies (Lair:5)
  2 gnoll boudas
  2 iguanas
  Ijyb (D:5)
  19 orc wizards
  11 gnolls
  3 adders
  3 shadow imps (Gauntlet)
  A white imp (D:10)
  5 dart slugs
  49 orcs
  4 ball pythons
  6 endoplasms
  3 giant cockroaches
  3 goblins (D:3)
  9 hobgoblins
  4 jackals (D:1)
  18 kobolds
  4 quokkas
  4 bats
  2 frilled lizards
  5 rats
608 creatures vanquished.

Vanquished Creatures (collateral kills)
  Jorgrun (Swamp:1)
  A nagaraja (Snake:4)
  Erolcha (D:11)
  A fire dragon (D:15)
  2 ogre magi (D:15)
  Fannar (Lair:3)
  A salamander tyrant (Snake:4)
  A catoblepas (Lair:5)
  4 centaur warriors
  2 boulder beetles
  4 anacondas
  A death knight (D:14)
  8 naga warriors
  8 two-headed ogres
  A death yak (Lair:4)
  A hell hog (Gauntlet)
  3 shock serpents
  3 naga sharpshooters
  6 skeletal warriors
  A salamander mystic (Snake:4)
  2 naga ritualists
  2 wizards
  A necromancer (D:13)
  2 orc knights (Orc:2)
  A mana viper (Snake:2)
  2 will-o-the-wisps (Swamp:1)
  3 ugly things (D:14)
  6 salamanders
  An oklob plant (Lair:4)
  2 cyclopes (D:15)
  A manticore (D:8)
  4 elephants
  A guardian serpent (Snake:4)
  8 naga magi
  Joseph (D:9)
  18 black mambas
  An eye of devastation (Gauntlet)
  A gargoyle (D:11)
  16 cane toads
  4 komodo dragons
  A yaktaur (D:9)
  A kobold demonologist (D:13)
  3 rime drakes
  2 trolls
  A komodo dragon (shapeshifter) (D:14)
  13 blink frogs
  2 tyrant leeches (Lair:5)
  A slime creature (D:14)
  A polar bear (Lair:5)
  3 hornets
  A shadow (D:11)
  2 spriggans (Swamp:1)
  A water elemental (D:11)
  8 humans (D:13)
  A wraith (D:12)
  7 yaks
  A wyvern (D:9)
  A basilisk (shapeshifter) (D:14)
  2 steam dragons
  3 basilisks
  9 vampire mosquitoes
  A warg (Orc:2)
  An acid dragon (D:10)
  25 nagas
  9 water moccasins
  17 orc warriors
  A sky beast (D:6)
  A black bear (D:9)
  3 ogres (D:15)
  2 centaurs (D:15)
  13 wolves
  3 lemures (D:8)
  16 kobold brigands
  7 bullfrogs
  A gnoll sergeant (D:10)
  2 scorpions
  2 wights (D:8)
  4 killer bees
  3 howler monkeys (D:11)
  7 electric eels
  A lava snake (Snake:4)
  2 jellies
  7 orc priests
  2 iguanas (D:9)
  14 orc wizards
  2 gnolls
  20 orcs
  3 endoplasms
  9 kobolds
370 creatures vanquished.

Vanquished Creatures (others)
  A wizard (D:13)
  A basilisk (Lair:4)
  A black bear (Lair:1)
  A scorpion (D:4)
  19 knights
  4 foxfires (Swamp:1)
  58 fungi
  167 plants
252 creatures vanquished.

Grand Total: 1230 creatures vanquished

Notes
Turn   | Place    | Note
-------+----------+-------------------------------------------
     0 | D:1      | experimilk the Draconian Conjurer began the quest for the
                  | Orb.
     0 | D:1      | Reached XP level 1. HP: 14/14 MP: 3/3
   398 | D:1      | Reached XP level 2. HP: 19/20 MP: 0/5
   547 | D:1      | Learned a level 2 spell: Searing Ray
  1393 | D:2      | Reached XP level 3. HP: 26/26 MP: 2/6
  1722 | D:2      | You fall into a shaft and drop 2 floors!
  1729 | D:3      | Reached skill level 5 in Conjurations
  2036 | D:3      | Found a broken altar of Ashenzari.
  2044 | D:3      | Reached XP level 4. HP: 33/33 MP: 5/7
  2151 | D:3      | Found a glowing silver altar of Zin.
  2167 | D:2      | Learned a level 4 spell: Iskenderun's Mystic Blast
  2921 | D:3      | Found a faded altar of an unknown god.
  2921 | D:3      | Noticed a kobold brigand
  2923 | D:3      | Found a hazy altar of Hepliaklqana.
  2935 | D:3      | Killed a kobold brigand
  2936 | D:3      | Reached skill level 1 in Translocations
  2936 | D:3      | Reached XP level 5. HP: 28/38 MP: 1/9
  3203 | D:3      | Became a worshipper of Hepliaklqana the Forgotten
  3444 | D:4      | Found a staircase to the Ecumenical Temple.
  3487 | D:4      | Identified the +1 pair of gloves "Kopsiuroga" {Fly rN+
                  | Stlth+}
  3526 | D:4      | Identified the +4 whip of Wrath {spect, rElec}
  3715 | D:4      | Noticed an ogre
  3728 | D:4      | Killed an ogre
  3729 | D:4      | Reached XP level 6. HP: 45/45 MP: 4/10
  4038 | D:5      | Entered Level 5 of the Dungeon
  4296 | D:5      | Your scales start taking on a glossy black colour.
  4296 | D:5      | Reached XP level 7. HP: 50/50 MP: 3/11
  4296 | D:5      | Gained mutation: You are resistant to electric shocks.
                  | (rElec) [Black Draconian growth]
  4548 | D:5      | Found a sacrificial altar of Ru.
  4570 | D:5      | Found a white marble altar of Elyvilon.
  5165 | D:5      | Reached * piety under Hepliaklqana
  5331 | D:5      | Noticed Ijyb
  5357 | D:5      | Killed Ijyb
  5712 | D:6      | Reached XP level 8. HP: 42/51 MP: 5/13
  6170 | D:6      | Reached skill level 10 in Conjurations
  6456 | D:6      | Found an opulent altar of Gozag.
  6458 | D:6      | Found a sparkling altar of Nemelex Xobeh.
  6797 | D:7      | Reached XP level 9. HP: 55/55 MP: 6/16
  7133 | D:7      | Reached skill level 5 in Translocations
  7219 | D:7      | Reached skill level 5 in Spellcasting
  7392 | D:7      | Found Vovao's Weapon Boutique.
  7447 | D:7      | Identified the +6 plate armour "Fafiurou" {Str+4 Int+2
                  | Dex+2}
  7662 | D:7      | Found a glowing golden altar of the Shining One.
  7708 | D:8      | Reached ** piety under Hepliaklqana
  7709 | D:8      | Remembered your ancestor Izel as a knight
  8138 | D:8      | Noticed a manticore
  8147 | D:8      | Killed a manticore
  8300 | D:8      | Noticed Pikel
  8307 | D:8      | Killed Pikel
  8308 | D:8      | Reached XP level 10. HP: 62/62 MP: 19/19
  8783 | D:8      | Learned a level 6 spell: Dispersal
  8859 | D:9      | Reached skill level 1 in Fighting
  9534 | D:9      | Found a staircase to the Lair.
  9859 | D:9      | Found a staircase to the Orcish Mines.
  9947 | D:9      | Found a radiant altar of Vehumet.
  9954 | D:9      | Reached skill level 5 in Fighting
 10181 | D:9      | Reached XP level 11. HP: 77/77 MP: 18/21
 10612 | D:9      | Noticed a centaur warrior
 10616 | D:9      | Noticed Amaemon
 10728 | D:9      | Killed Amaemon
 10730 | D:9      | Reached skill level 10 in Translocations
 10844 | D:9      | Killed a centaur warrior
 10999 | D:9      | Identified the +2 pair of boots "Ehaefoon" {-Cast rElec
                  | Slay+4 SInv}
 11114 | D:9      | Noticed Joseph
 11124 | D:9      | Killed Joseph
 11188 | D:10     | Entered Level 10 of the Dungeon
 11395 | D:10     | Reached *** piety under Hepliaklqana
 11488 | D:10     | Learned a level 5 spell: Lightning Bolt
 11771 | D:9      | Reached skill level 1 in Air Magic
 11786 | Lair:1   | Entered Level 1 of the Lair of Beasts
 11830 | Lair:1   | Reached skill level 2 in Air Magic
 11831 | Lair:1   | Reached skill level 3 in Air Magic
 11849 | Lair:1   | Reached skill level 4 in Air Magic
 11929 | Lair:1   | Reached skill level 5 in Air Magic
 11992 | Lair:1   | Learned a level 4 spell: Summon Lightning Spire
 12308 | Lair:1   | Reached skill level 6 in Air Magic
 12818 | Lair:1   | Reached skill level 7 in Air Magic
 13022 | Lair:1   | Reached skill level 8 in Air Magic
 13653 | Lair:2   | Reached XP level 12. HP: 86/86 MP: 22/22
 13905 | Lair:2   | Reached **** piety under Hepliaklqana
 13981 | Lair:2   | Noticed Nergalle
 13989 | Lair:2   | Killed Nergalle
 13996 | Lair:2   | Reached skill level 9 in Air Magic
 14507 | Lair:3   | Noticed Fannar
 14515 | Lair:3   | Killed Fannar
 14516 | Lair:3   | Reached skill level 10 in Air Magic
 14956 | Lair:3   | Noticed Urug
 14963 | Lair:3   | Killed Urug
 15266 | Lair:3   | Reached skill level 11 in Air Magic
 15916 | Lair:3   | Reached skill level 12 in Air Magic
 16153 | Lair:3   | Found a radiant altar of Vehumet.
 16254 | Lair:3   | Found a staircase to the Swamp.
 16486 | Lair:3   | Noticed Gastronok
 16500 | Lair:3   | Killed Gastronok
 16706 | Lair:3   | Found a staircase to the Snake Pit.
 16731 | Lair:3   | Noticed a catoblepas
 16737 | Lair:3   | Killed a catoblepas
 16738 | Lair:3   | Reached skill level 1 in Invocations
 18016 | Lair:4   | Noticed a six-headed hydra
 18023 | Lair:4   | Killed a six-headed hydra
 18024 | Lair:4   | Reached skill level 13 in Air Magic
 18144 | Lair:4   | Learned a level 4 spell: Airstrike
 18153 | Lair:4   | Reached XP level 13. HP: 91/91 MP: 15/24
 19795 | Lair:4   | Reached skill level 1 in Evocations
 21178 | Lair:2   | Reached ***** piety under Hepliaklqana
 21190 | Lair:2   | Found the +8 frozen axe "Frostbite" {freezing cloud, *Noise
                  | Fly rC+}
 21414 | Swamp:1  | Entered Level 1 of the Swamp
 21458 | Lair:5   | Entered Level 5 of the Lair of Beasts
 21474 | Lair:5   | Reached skill level 14 in Air Magic
 22582 | Lair:5   | Reached skill level 15 in Air Magic
 23553 | Lair:5   | Found a staircase to the Slime Pits.
 23930 | Lair:5   | Gained mutation: Your large and strong wings let you fly.
                  | [Black Draconian growth]
 23930 | Lair:5   | Reached XP level 14. HP: 99/99 MP: 17/26
 24880 | Orc:1    | Entered Level 1 of the Orcish Mines
 25242 | Orc:2    | Entered Level 2 of the Orcish Mines
 25242 | Orc:2    | Found a staircase to the Elven Halls.
 25764 | Orc:2    | Found a transporter.
 25879 | Orc:2    | Noticed an orc warlord
 25887 | Orc:2    | Killed an orc warlord
 26306 | Orc:2    | Reached skill level 5 in Evocations
 26784 | Orc:2    | Noticed Zonian's ghost (adept DjIE)
 26807 | Orc:2    | Found a transporter.
 26864 | Orc:2    | Reached skill level 16 in Air Magic
 27126 | Orc:2    | Found Puotobor's Book Emporium.
 27520 | Orc:2    | Found Jiwow's Antique Weapon Emporium.
 27567 | Orc:2    | Found Totahu's Antique Armour Emporium.
 27581 | Orc:2    | Found Harur's General Store.
 27589 | Orc:2    | Bought a scroll of immolation for 48 gold pieces
 27589 | Orc:2    | Bought a scroll of immolation for 48 gold pieces
 27589 | Orc:2    | Bought a scroll of teleportation for 36 gold pieces
 27589 | Orc:2    | Bought a scroll of teleportation for 36 gold pieces
 27589 | Orc:2    | Bought a potion of brilliance for 48 gold pieces
 28095 | D:11     | Noticed Erolcha
 29046 | D:11     | Killed Erolcha
 29613 | D:11     | Reached skill level 17 in Air Magic
 29857 | D:11     | Found Ikhec's Assorted Antiques.
 29866 | D:11     | Bought a potion of heal wounds for 150 gold pieces
 29866 | D:11     | Bought a fizzy purple potion for 27 gold pieces
 29866 | D:11     | Bought a scroll of fog for 120 gold pieces
 30828 | D:12     | Found Nifim's Armour Shoppe.
 31776 | D:13     | Reached skill level 15 in Conjurations
 31893 | D:13     | Reached XP level 15. HP: 85/103 MP: 6/27
 32146 | D:13     | Reached skill level 18 in Air Magic
 32617 | D:13     | Upgraded the game from 0.30-a0-476-g330ca2eb8e to
                  | 0.30-a0-509-gd016549fea
 33545 | D:13     | Found a gate to the Vaults.
 33553 | D:13     | Got the Omnibus of the Transposed Sky
 34041 | D:14     | Found a gate leading to a gauntlet.
 34047 | Gauntlet | Entered a Gauntlet
 34047 | Gauntlet | Found a transporter.
 34123 | Gauntlet | Found a transporter.
 34127 | Gauntlet | Found a transporter.
 34135 | Gauntlet | Found a transporter.
 34139 | Gauntlet | Found a transporter.
 34148 | Gauntlet | Found a transporter.
 34151 | Gauntlet | Found a transporter.
 34163 | Gauntlet | Found a transporter.
 34163 | Gauntlet | Found a transporter.
 34171 | Gauntlet | Found a transporter.
 34194 | Gauntlet | Found a transporter.
 34198 | Gauntlet | Found a runed translucent door.
 34206 | Gauntlet | Found a transporter.
 34218 | Gauntlet | Found a transporter.
 34230 | Gauntlet | Found a transporter.
 35136 | Gauntlet | Identified the +1 pair of gloves "Huggur" {Str+4 Slay+3}
 35620 | D:14     | Found Woewn's Antique Weapon Boutique.
 36020 | D:14     | Found a blossoming altar of Fedhas.
 36286 | D:14     | Identified a scroll of acquirement
 36287 | D:14     | Acquired a book of Air
 36293 | D:14     | Learned a level 3 spell: Swiftness
 36738 | D:15     | Entered Level 15 of the Dungeon
 37157 | D:15     | Found a staircase to the Depths.
 37228 | D:15     | Got Ejeirufoll's Parchment of Terrestrial Attendants
 38089 | D:15     | Reached skill level 19 in Air Magic
 38092 | D:15     | Reached XP level 16. HP: 91/118 MP: 3/29
 38549 | Orc:2    | Killed Zonian's ghost
 38635 | Orc:2    | Identified the +2 pair of gloves "Joopem" {Str-4 Int+5}
 38890 | Snake:1  | Entered Level 1 of the Snake Pit
 39268 | Snake:1  | Reached skill level 10 in Spellcasting
 41765 | Snake:2  | Learned a level 7 spell: Orb of Destruction
 41810 | Snake:2  | Reached skill level 20 in Air Magic
 42830 | Snake:3  | Found a bloodstained altar of Trog.
 43353 | Snake:3  | Reached XP level 17. HP: 123/123 MP: 32/32
 43933 | Snake:4  | Entered Level 4 of the Snake Pit
 45253 | Snake:4  | Reached skill level 1 in Shields
 45360 | Snake:4  | Reached skill level 21 in Air Magic
 45962 | Snake:4  | Reached skill level 5 in Shields
 46551 | Snake:4  | Reached ****** piety under Hepliaklqana
 47160 | Snake:4  | Got a serpentine rune of Zot
 47377 | Swamp:1  | Noticed Jorgrun
 47399 | Swamp:1  | Killed Jorgrun
 47414 | Swamp:1  | HP: 4/123 [seven-headed hydra[a spriggan druid] (4)]
 47414 | Swamp:1  | Mangled by a seven-headed hydra

Illustrated notes

Levels and vault maps discovered:
D:1:      evilmike_arrival_grusome_pit, layout_basic, grunt_decor_cap
D:2:      layout_loops_cross, minmay_misc_feat_tiny
D:3:      layout_rooms, amcnicky_altar_gilded, old_standard_altar,
          beargit_hepliaklqana_dungeon_heroes
D:4:      layout_cave_pools, minmay_temple_entry_sparse_star
D:5:      layout_basic, nicolae_elyvilon_peaceful_grove,
          nicolae_ru_the_path_less_chosen, uniq_ijyb
D:6:      layout_basic, grunt_temple_overflow_opulence, minmay_fractal_squares_5
D:7:      layout_loops_ring, kennysheep_mini, serial_shops,
          nicolae_shop_behind_doors
D:8:      layout_loops_ring, uniq_pikel
D:9:      layout_roguey, mainiacjoe_overflow_six_doors_small,
          minmay_lair_entry_grove, orc_0_dummy, evilmike_minifort, uniq_amaemon,
          uniq_joseph
D:10:     layout_basic, special_room [special_room_kobold], serial_ice,
          serial_ice_f, serial_ice_h, serial_ice_m, serial_ice_c, serial_ice_a,
          nicolae_sextant
D:11:     layout_loops_ring, serial_bayou, serial_bayou_crossing,
          serial_bayou_shore_a, serial_bayou_lake_a, serial_bayou_ford_a,
          serial_shops, nicolae_shop_advertising_works
          [nicolae_subvault_shop_adworks], uniq_erolcha
D:12:     layout_long_grid, serial_glass, glass_columns_a, glass_columns_a,
          serial_shops, shop
D:13:     layout_irregular_city, grunt_vaults_entry_tiered
D:14:     layout_long_grid, gauntlet_entry_generic,
          infiniplex_staircase_door_maze, serial_shops, shop, tgw_fedhas
D:15:     grunt_enter_depths_hoard, layout_irregular_city,
          chequers_serial_rivers_micro_b
Lair:1:   layout_cave_pods, infiniplex_staircase_pool, grunt_megastairs_1
Lair:2:   wad_woods_04, layout_regular_city, grunt_megastairs_3, uniq_nergalle
Lair:3:   layout_chaotic_city, minmay_swamp_entry_swarm, dummy_snake_entry,
          serial_rivers, chequers_serial_rivers_large_a,
          chequers_serial_rivers_micro_c, chequers_serial_rivers_small_b,
          chequers_serial_rivers_micro_e, chequers_serial_rivers_micro_e,
          st_stairs_7, lemuel_centaur_altar, lemuel_fruit_fields, uniq_urug,
          uniq_gastronok, uniq_fannar
Lair:4:   minmay_lair_oklob_chamber, layout_gridlike, wad_woods_road_05
Lair:5:   minmay_lair_end_frog_pond, layout_big_grid,
          nicolae_slime_entry_slimehenge
Swamp:1:  layout_basic_swamp, evilmike_swamp_ruin_house_6, uniq_jorgrun
Snake:1:  layout_chambers
Snake:2:  layout_basic, grunt_megastairs_4
Snake:3:  layout_gridlike, basic_altar
Snake:4:  minmay_snake_end_coiled, layout_cave_town,
          nicolae_snake_salamander_fort
Orc:1:    layout_caves, nicolae_orc_flooded_monolith
Orc:2:    grunt_orc_cross, layout_caves, basic_altar,
          gammafunk_ghost_berserking_beasts, mines2_david

Skill      XL: |  1  2  3  4  5  6  7  8  9 10 11 12 13 14 15 16 17 |
---------------+----------------------------------------------------+-----
Conjurations   | 5 6 7 9 10 12 13 15 17 18 | 18.0
Spellcasting   | 3 4 6 7 8 9 11 12 | 12.0
Translocations | 1 2 3 4 6 9 11 12 | 12.0
Fighting       | 5 6 9 |  9.0
Air Magic      | 8 13 15 17 19 20 21 | 21.0
Invocations    | 3 4 |  4.2
Evocations     | 3 6 |  6.0
Shields        | 7 |  7.6
Dodging        | |  1.7
Stealth        | |  1.7

Action                   |  1- 3 |  4- 6 |  7- 9 | 10-12 | 13-15 | 16-18 || total
-------------------------+-------+-------+-------+-------+-------+-------++-------
Melee: Staff             |    21 |       |       |       |       |    25 ||    46
       Unarmed           |     7 |       |       |       |       |       ||     7
       Tailslap          |     1 |       |     1 |     8 |    22 |     5 ||    37
       Dagger            |     9 |     5 |       |       |       |       ||    14
       Whip              |       |       |    20 |     4 |       |       ||    24
       Trident           |       |       |       |    77 |   231 |     7 ||   315
 Cast: Magic Dart        |    48 |    53 |    48 |    92 |     6 |       ||   247
       Searing Ray       |     4 |    10 |    50 |    59 |       |       ||   123
       Iskenderun's Myst |       |       |     2 |    14 |    21 |    23 ||    60
       Lightning Bolt    |       |       |       |    65 |   181 |   256 ||   502
       Summon Lightning  |       |       |       |    27 |    94 |    69 ||   190
       Dispersal         |       |       |       |     2 |     4 |       ||     6
       Airstrike         |       |       |       |     1 |   219 |    87 ||   307
       Orb of Destructio |       |       |       |       |       |     6 ||     6
       Swiftness         |       |       |       |       |       |     3 ||     3
Invok: Ancestor Life: Kn |       |       |     1 |       |       |       ||     1
       Recall Ancestor   |       |       |       |     7 |     4 |     5 ||    16
       Transference      |       |       |       |     1 |     5 |     4 ||    10
       Idealise          |       |       |       |       |     4 |       ||     4
 Abil: Breathe Lightning |       |       |    10 |     8 |    24 |     8 ||    50
Evoke: Wand              |       |     3 |       |     5 |     6 |     5 ||    19
       Phial of floods   |       |       |       |       |     5 |     3 ||     8
       Condenser vane    |       |       |       |       |     4 |     1 ||     5
  Use: Scroll            |     3 |     2 |     3 |     9 |    20 |     3 ||    40
       Potion            |     2 |     1 |       |     5 |     8 |     6 ||    22
 Stab: Distracted        |       |       |       |     2 |     1 |       ||     3
       Petrified         |       |       |       |       |     6 |       ||     6
Armor: Skin              |    27 |     8 |    19 |    42 |   104 |    44 ||   244
Dodge: Dodged            |    50 |    18 |    41 |    84 |   183 |    57 ||   433
Block: Buckler           |       |       |       |     6 |    46 |    27 ||    79

Table legend: (Time is in decaauts)
 A = Elapsed time spent in this place.
 B = Non-inter-level travel time spent in this place.
 C = Inter-level travel time spent in this place.
 D = Time resting spent in this place.
 E = Time spent auto-exploring this place.
 F = Levels seen in this place.
 G = Mean time per level.
                   A        B        C        D        E       F      G
               +--------+--------+--------+--------+--------+-----+--------+
         Total |  47539 |  45369 |   2170 |  18883 |  19734 |  28 | 1697.8 |
       Dungeon |  21056 |  20130 |    926 |   5507 |  11964 |  15 | 1403.7 |
          Lair |  13195 |  12737 |    458 |   7780 |   3665 |   5 | 2639.0 |
         Swamp |     47 |     46 |      1 |      7 |      0 |   1 |   47.0 |
     Snake Pit |   8426 |   7963 |    463 |   3750 |   2650 |   4 | 2106.5 |
  Orcish Mines |   3462 |   3142 |    320 |   1093 |   1455 |   2 | 1731.0 |
      Gauntlet |   1351 |   1351 |      0 |    746 |      0 |   1 | 1351.0 |
               +--------+--------+--------+--------+--------+-----+--------+

Top non-repeatable levels by time:
  Lair:4: 3999 daAuts
 Snake:4: 2703 daAuts
  Lair:2: 2613 daAuts
  Lair:5: 2567 daAuts
     D:9: 2538 daAuts
  Lair:3: 2517 daAuts
    D:13: 2291 daAuts
 Snake:1: 2236 daAuts
   Orc:2: 2090 daAuts
 Snake:3: 2009 daAuts
    D:15: 1667 daAuts
    D:10: 1542 daAuts
    D:14: 1529 daAuts
  Lair:1: 1497 daAuts
 Snake:2: 1477 daAuts
